 Dungeon Sprint DCSS version 0.30-a0-469-g84de5afbc5 (webtiles) character file.

Game seed: 5255134759963456270

1906 rocky1 the Earth Mage (level 9, -1/55 (57) HPs)
             Began as a Formicid Earth Elementalist on Dec 20, 2022.
             Was an Initiate of Gozag.
             Shot with a bolt by an orc knight (13 damage)
             ... in the Dungeon (Sprint III: "The Ten Rune Challenge").
             The game lasted 00:06:36 (1047 turns).

rocky1 the Earth Mage (Formicid Earth Elementalist) Turns: 1047, Time: 00:06:36

HP:   -1/55 (57)    AC:  2    Str: 12    XL:     9   Next: 38%
MP:   20/22         EV: 12    Int: 20    God:    Gozag
Gold: 491           SH:  0    Dex: 14    Spells: 19/27 levels left

rFire   . . .      SeeInvis +    d - +5 dagger (drain)
rCold   . . .      Faith    .    (no shield)
rNeg    . . .      Spirit   .    a - +0 robe
rPois   .          Reflect  .    (helmet unavailable)
rElec   .          Harm     .    (no cloak)
rCorr   .          Rampage  .    (no gloves)
Will    .....                    (no boots)
Stlth   +++++.....               (no amulet)
HPRegen 0.29/turn                (no ring)
MPRegen 0.18/turn                (no ring)

@: mighty, brilliant, lightly drained
A: permanent stasis, dig shafts and tunnels, antennae 3, four strong arms
a: Dig, Renounce Religion, Potion Petition, Call Merchant, Bribe Branch


You were in the Dungeon.
You worshipped Gozag.
Gozag was aware of your devotion.
You visited 1 branch You collected 731 gold pieces.
You paid 240 gold pieces to Gozag.

Inventory:

Hand Weapons
 d - a +5 dagger of draining (weapon)
 l - a +0 dagger
Missiles
 e - 2 stones
Armour
 a - a +0 robe (worn)
Scrolls
 f - a scroll of torment {unknown}
 g - 3 scrolls of identify
 i - a scroll of poison {unknown}
Potions
 b - 3 potions of magic
 c - a potion of curing
 h - 3 potions of flight
 j - 5 potions of mutation
Miscellaneous
 k - a phial of floods


   Skills:
 - Level 1.7 Dodging
 + Level 10.8 Stealth
 + Level 9.8 Spellcasting
 + Level 8.0 Conjurations
 - Level 1.1 Transmutations
 * Level 16.0 Earth Magic


You had 19 spell levels left.
You knew the following spells:

 Your Spells              Type           Power      Damage    Failure   Level
a - Sandblast             Erth           100%       2d20      0%          1
b - Stone Arrow           Conj/Erth      100%       3d13      1%          3
c - Petrify               Tmut/Erth      60%        N/A       1%          4

Your spell library contained the following spells:

 Spells                   Type           Power      Damage    Failure   Level
 Passwall                 Tmut/Erth      50%        N/A       1%          2
 Slow                     Hex            56%        N/A       7%          1
 Confusing Touch          Hex            14%        N/A       22%         3
 Vampiric Draining        Necr           14%        2d7       22%         3


Dungeon Overview and Level Annotations

Branches:
Dungeon (1/1)

Altars:
Cheibriados
Dithmenos
Elyvilon
Fedhas
Gozag
Hepliaklqana
Kikubaaqudgha
Makhleb
Nemelex Xobeh
Okawaru
Qazlal
Ru
Sif Muna
Trog
Uskayaw
Vehumet
Wu Jian
Xom
Yredelemnul
Zin
The Shining One
Jiyva
Lugonu

Shops:
D (


Innate Abilities, Weirdness & Mutations

You cannot be hasted, slowed, berserked, paralysed or teleported.
You can dig through walls and to a lower floor.
You have a pair of large antennae on your head. (SInv)
Your four strong arms can wield two-handed weapons with a shield.


Message History

The orange demon stings you from afar.
* * * LOW HITPOINT WARNING * * *
Unknown command.
There is an open door here.
There is an open door here.
Things that are here:
a +0 dagger; a +0 robe The orange demon disappears in a puff of smoke!
There is an open door here.
You extend your mandibles.
You dig through the rock wall.
You feel drained.
You retract your mandibles.
The orc knight shouts!
The orc knight unwields a +0 great sword.
The orc knight wields a +0 arbalest.
The orc knight shoots a bolt.
The bolt closely misses you.
There is an open door here.
You start resting.
An orc knight is nearby!
Okay, then. [a] - 250 gold - resistance [b] - 240 gold - might and brilliance [c] - 105 gold - heal wounds Purchase which effect?
You feel very mighty all of a sudden.
You feel clever all of a sudden.
The orc knight unwields a +0 arbalest.
The orc knight wields a +0 great sword.
The orc knight closely misses you.
Casting: Sandblast (safe; 0% risk of failure)
Confirm with . or Enter, or press ? or * to list all spells.
Aiming: Petrify (dangerous; 1% risk of failure)
Press: ? - help, Shift-Dir - straight line, f - orc knight
Aim: an orc knight, wielding a +0 great sword and wearing a +0 chain mail (chance to affect: 59%)
You feel a surge of power!
The orc knight is moving more slowly.
The orc knight hits you with a +0 great sword!
* * * LOW HITPOINT WARNING * * *
The orc knight unwields a +0 great sword.
The orc knight wields a +0 arbalest.
The orc knight shoots a bolt.
The bolt hits you!
You die...
Your body crumbles into a pile of gold.

▓▓▓▓▓▓▓▓▓▓▓▓▓ ▓▓▓
▓<.#..o.....♣♣ ♣.###
▓...@.#....♣.♣ ♣♣.#__
▓#'####.....♣ ♣..#..
▓.....#....~♣♣♣♣..###
▓.....#...~~..♣♣♣.#..
▓...§{#..~~~o♣♣♣..'.⌠
▓####)#..~≈≈~~~.♣.#..
▓.....#.~~≈~~~....#.⌠
▓..{..#.~≈~~~.....#..
▓.{...#.~~~.......#'#


You could see an orc knight (petrifying).

Vanquished Creatures
  Josephine (D)
  A deep elf pyromancer (D)
  A shadow (D)
  A spatial vortex (D)
  A necrophage (D)
  A water elemental (D)
  A jelly (D)
  A wizard (D)
  Jessica (D)
  A necromancer (D)
  An orc wizard (D)
  3 humans (D)
  A kobold demonologist (D)
  A phantom (D)
  3 orcs (D)
  An endoplasm (D)
  2 rats (D)
22 creatures vanquished.

Vanquished Creatures (others)
  2 plants (D)
2 creatures vanquished.

Grand Total: 24 creatures vanquished

Notes
Turn   | Place    | Note
-------+----------+-------------------------------------------
     0 | D        | rocky1 the Formicid Earth Elementalist began the quest for
                  | the Orb.
     0 | D        | Reached XP level 1. HP: 13/13 MP: 3/3
     8 | D        | Reached skill level 4 in Earth Magic
    33 | D        | Noticed Jessica
    42 | D        | Killed Jessica
    43 | D        | Reached skill level 6 in Earth Magic
    43 | D        | Reached XP level 2. HP: 10/19 MP: 0/7
    43 | D        | Reached XP level 3. HP: 13/24 MP: 0/8
   224 | D        | Learned a level 3 spell: Stone Arrow
   231 | D        | Reached skill level 7 in Earth Magic
   267 | D        | Reached skill level 1 in Conjurations
   267 | D        | Reached XP level 4. HP: 12/30 MP: 2/10
   362 | D        | Noticed a water elemental
   367 | D        | Killed a water elemental
   368 | D        | Reached skill level 5 in Spellcasting
   368 | D        | Reached skill level 9 in Earth Magic
   368 | D        | Reached XP level 5. HP: 29/35 MP: 7/12
   414 | D        | Noticed a shadow
   418 | D        | Killed a shadow
   419 | D        | Reached skill level 5 in Stealth
   419 | D        | Reached skill level 11 in Earth Magic
   419 | D        | Reached XP level 6. HP: 36/41 MP: 8/15
   474 | D        | Found a blossoming altar of Fedhas.
   474 | D        | Found a stormy altar of Qazlal.
   474 | D        | Found a snail-covered altar of Cheibriados.
   474 | D        | Found a burning altar of Makhleb.
   474 | D        | Found a shimmering altar of Xom.
   475 | D        | Found a hazy altar of Hepliaklqana.
   475 | D        | Found an opulent altar of Gozag.
   475 | D        | Found a sparkling altar of Nemelex Xobeh.
   475 | D        | Found a corrupted altar of Lugonu.
   475 | D        | Found a viscous altar of Jiyva.
   475 | D        | Noticed a spatial vortex
   479 | D        | Became a worshipper of Gozag Ym Sagoz the Greedy
   481 | D        | Killed a spatial vortex
   482 | D        | Reached skill level 5 in Conjurations
   482 | D        | Reached skill level 12 in Earth Magic
   482 | D        | Reached XP level 7. HP: 46/46 MP: 13/17
   502 | D        | Learned a level 4 spell: Petrify
   511 | D        | Found a basalt altar of Yredelemnul.
   511 | D        | Found a shadowy altar of Dithmenos.
   511 | D        | Found a sacrificial altar of Ru.
   554 | D        | Found a radiant altar of Vehumet.
   554 | D        | Found a shimmering blue altar of Sif Muna.
   554 | D        | Found an ancient bone altar of Kikubaaqudgha.
   674 | D        | Found a glowing silver altar of Zin.
   674 | D        | Found a glowing golden altar of the Shining One.
   674 | D        | Found a white marble altar of Elyvilon.
   674 | D        | Noticed a deep elf pyromancer
   676 | D        | Killed a deep elf pyromancer
   677 | D        | Reached skill level 14 in Earth Magic
   677 | D        | Reached XP level 8. HP: 52/52 MP: 16/20
   695 | D        | Found a hide-covered altar of Uskayaw.
   695 | D        | Found an iron altar of Okawaru.
   695 | D        | Found a bloodstained altar of Trog.
   695 | D        | Found an ornate altar of the Wu Jian Council.
   695 | D        | Noticed a human
   695 | D        | Noticed a human
   701 | D        | Killed a human
   707 | D        | Killed a human
   843 | D        | Noticed Josephine
   848 | D        | Killed Josephine
   849 | D        | Reached skill level 10 in Stealth
   849 | D        | Reached skill level 15 in Earth Magic
   849 | D        | Reached XP level 9. HP: 20/57 MP: 18/22
   980 | D        | Noticed an orc high priest
   980 | D        | Noticed an orc high priest
   980 | D        | Noticed an orc knight
   980 | D        | Noticed an orc sorcerer
   981 | D        | Found Jeof's Weapon Shoppe.
   984 | D        | Noticed an orange demon
   998 | D        | Reached skill level 16 in Earth Magic
  1010 | D        | Noticed an orange demon
  1012 | D        | Noticed a soul eater
  1016 | D        | Noticed an ice devil
  1047 | D        | Shot with a bolt by an orc knight

Illustrated notes

Levels and vault maps discovered:
D:        dungeon_sprint_mu [sprint_mu_entry_forest, sprint_mu_temple_rooms,
          sprint_mu_d1_horrors, sprint_mu_d2_genie, sprint_mu_d3_branching,
          sprint_mu_orc_legion, sprint_mu_elf_gauntlet, sprint_mu_hive_nellie,
          sprint_mu_lair_fedhas, sprint_mu_vaults_butterflies,
          sprint_mu_slime_circle, sprint_mu_swamp_cave, sprint_mu_shoals_archi,
          sprint_mu_blade_basic, sprint_mu_crypt_lich, sprint_mu_tomb_spiral,
          sprint_mu_vestibule_basic, sprint_mu_gehenna_hellfire,
          sprint_mu_dis_giant, sprint_mu_tartarus_statrot,
          sprint_mu_cocytus_islands, sprint_mu_zot1]

Skill      XL: |  1  2  3  4  5  6  7  8  9 |
---------------+----------------------------+-----
Earth Magic    | 6 7 9 11 12 14 15 16 | 16.0
Spellcasting   | 4 5 6 7 8 9 |  9.8
Conjurations   | 1 2 4 5 6 8 |  8.0
Stealth        | 5 6 9 10 | 10.8
Dodging        | |  1.7
Transmutations | |  1.1

Action                   |  1- 3 |  4- 6 |  7- 9 || total
-------------------------+-------+-------+-------++-------
Melee: Unarmed           |     4 |       |       ||     4
       Dagger            |       |       |     3 ||     3
 Cast: Sandblast         |    14 |    10 |    19 ||    43
       Stone Arrow       |       |       |     6 ||     6
       Petrify           |       |       |     1 ||     1
Invok: Potion Petition   |       |       |     1 ||     1
 Abil: Dig               |       |       |     1 ||     1
  Use: Potion            |       |       |     2 ||     2
 Stab: Sleeping          |       |       |     1 ||     1
Armor: Robe              |       |       |     2 ||     2
Dodge: Dodged            |     4 |     3 |    10 ||    17

Table legend: (Time is in decaauts)
 A = Elapsed time spent in this place.
 B = Non-inter-level travel time spent in this place.
 C = Inter-level travel time spent in this place.
 D = Time resting spent in this place.
 E = Time spent auto-exploring this place.
 F = Levels seen in this place.
 G = Mean time per level.
                   A        B        C        D        E       F      G
               +--------+--------+--------+--------+--------+-----+--------+
         Total |   1069 |   1069 |      0 |    669 |      0 |   1 | 1069.0 |
       Dungeon |   1069 |   1069 |      0 |    669 |      0 |   1 | 1069.0 |
               +--------+--------+--------+--------+--------+-----+--------+

Top non-repeatable levels by time:
       D: 1069 daAuts
